 Dungeon Crawl Stone Soup version 0.30.1-9-gdf580d7c3d (webtiles) character file.

Game seed: 2986178947410477660

13025 monsoonserge the Marksspriggan (level 11, 0/60 HPs)
             Began as a Spriggan Hunter on Oct 3, 2023.
             Was an Initiate of Gozag.
             Killed themself with a badly aimed burst of rock shards (16 damage)
             ... on level 9 of the Dungeon.
             The game lasted 00:51:42 (13142 turns).

monsoonserge the Marksspriggan (Spriggan Hunter)   Turns: 13142, Time: 00:51:43

Health: 0/60       AC:  9    Str: 11    XL:     11   Next: 70%
Magic:  12/12      EV: 21    Int: 11    God:    Gozag
Gold:   500        SH:  2    Dex: 23    Spells: 10/10 levels left

rFire   + + .        O - +0 arbalest
rCold   + + .        (shield currently unavailable)
rNeg    . . .        a - +0 swamp dragon scales
rPois   +            (helmet restricted)
rElec   .            q - scarf {rC+ rF+}
rCorr   .            (gloves unavailable)
SInv    +            (boots unavailable)
Will    ++...        (no amulet)
Stlth   ++           U - ring "Jomyr" {+Blink rF+ Will+ Str+4}
HPRegen 0.30/turn    N - ring of the Octopus King {rC+ HP+2 AC+2 EV+2 SH+2}
MPRegen 0.13/turn

%: no passive effects
@: lethally poisoned (0 -> -3), gold aura, very quick
A: very small, no large weapons, unfitting armour, see invisible, speed 3
a: Renounce Religion, Evoke Blink, Potion Petition, Call Merchant, Bribe Branch


You were on level 9 of the Dungeon.
You worshipped Gozag.
Gozag was pleased with you.
You visited 2 branches of the dungeon, and saw 11 of its levels.
You also visited: Bailey.

You collected 2166 gold pieces.
You spent 1604 gold pieces at shops.
You paid 62 gold pieces to Gozag.

Inventory:

Hand Weapons
 o - a +0 sling
 O - a +0 arbalest (weapon)
Missiles
 p - 14 boomerangs
 u - 2 throwing nets
 x - 15 poisoned darts
 G - 4 atropa-tipped darts
 K - 2 curare-tipped darts
 M - a silver boomerang
Armour
 a - +0 swamp dragon scales (worn)
 q - a scarf of resistance (worn)
Magical Staves
 c - a staff of poison
 D - a staff of air
 F - a staff of cold
Jewellery
 j - a ring of positive energy
 B - a ring of resist corrosion
 N - a ring of the Octopus King (right hand) {rC+ HP+2 AC+2 EV+2 SH+2}
   (You bought it in a shop on level 6 of the Dungeon)

   [ring of protection from cold]

   AC:        It affects your AC (+2).
   EV:        It affects your evasion (+2).
   rC:        It protects you from cold.
   HP:        It affects your health (+2).
   SH:        It affects your SH (+2).
 R - a ring of poison resistance
 T - a +4 ring of protection
 U - the ring "Jomyr" (left hand) {+Blink rF+ Will+ Str+4}
   (You bought it in a shop on level 6 of the Dungeon)

   [ring of protection from fire]

   Str:       It affects your strength (+4).
   rF:        It protects you from fire.
   +Blink:    It lets you blink.
   Will:      It increases your willpower.
 W - a ring of protection from cold
Wands
 e - a wand of digging (3)
 n - a wand of polymorph (11)
 s - a wand of charming (40)
 H - a wand of roots (4)
 L - a wand of light (4)
Scrolls
 b - 6 scrolls of immolation
 d - a scroll of torment
 f - a scroll of enchant weapon
 h - a scroll of blinking
 r - a scroll of magic mapping
 v - 3 scrolls of amnesia {unknown}
 w - 4 scrolls of teleportation
 E - a scroll of silence
 I - a scroll of brand weapon
 J - a scroll of fog {unknown}
 Q - a scroll of fear {unknown}
 S - a scroll of poison {unknown}
Potions
 g - a potion of flight
 i - 2 potions of curing
 k - a potion of lignification
 l - 3 potions of berserk rage
 m - 3 potions of cancellation
 t - 2 potions of might
 z - a potion of brilliance
 A - 2 potions of invisibility
 C - 3 potions of heal wounds {unknown}
 V - a potion of magic
Miscellaneous
 y - a piece from Xom's chessboard (14/15)
 P - a tin of tremorstones (2/2)


   Skills:
 + Level 7.2 Fighting
 + Level 15.3 Ranged Weapons
 + Level 2.4 Armour
 + Level 5.9 Dodging
 + Level 2.9 Stealth
 + Level 0.8 Shields
 * Level 7.0 Evocations


You had 10 spell levels left.
You didn't know any spells.
Your spell library contained the following spells:

 Spells                   Type           Power      Damage    Failure   Level
 Apportation              Tloc           0%         N/A       63%         1
 Necrotise                Necr           0%         1d4       63%         1
 Sandblast                Erth           0%         2d4       63%         1
 Summon Small Mammal      Summ           0%         N/A       63%         1
 Call Imp                 Summ           0%         N/A       77%         2
 Passwall                 Tmut/Erth      0%         N/A       77%         2
 Frozen Ramparts          Ice            0%         1d1       94%         3
 Stone Arrow              Conj/Erth      0%         3d7       94%         3
 Ice Form                 Ice/Tmut       0%         N/A       100%        4
 Summon Ice Beast         Ice/Summ       0%         N/A       100%        4
 Summon Lightning Spire   Summ/Air       0%         N/A       100%        4
 Blade Hands              Tmut           0%         N/A       100%        5
 Borgnjor's Vile Clutch   Necr/Erth      0%         N/A       100%        5
 Irradiate                Conj/Tmut      0%         3d11      100%        5
 Summon Mana Viper        Hex/Summ       0%         N/A       100%        5
 Death Channel            Necr           0%         N/A       100%        6
 Dragon Form              Tmut           0%         N/A       100%        7
 Summon Horrible Things   Summ           0%         N/A       100%        8
 Animate Dead             Necr           Unusable   N/A       N/A         4

Dungeon Overview and Level Annotations

Branches:
Dungeon (10/15)            Temple (1/1) D:7            Lair (0/5) D:10
 Bailey (visited)
    Orc: D:9-12

Altars:
Ashenzari
Cheibriados
Dithmenos
Elyvilon
Fedhas
Gozag
Hepliaklqana
Kikubaaqudgha
Makhleb
Nemelex Xobeh
Okawaru
Qazlal
Ru
Sif Muna
Trog
Uskayaw
Vehumet
Wu Jian
Xom
Yredelemnul
Zin
The Shining One

Shops:
D:6 =(=:?


Innate Abilities, Weirdness & Mutations

You are very small and have problems with some larger weapons.
You are too small for most types of armour.
You have supernaturally acute eyesight. (SInv)
You cover ground extremely quickly. (Speed+++)


Message History

Fire: O) +0 arbalest
Press: ? - help, Q - select action, (/) - cycle Shift-Dir - straight line, f/p - Sonja
Aim: Sonja, wielding a +1 dagger of venom and quivering curare-tipped darts (heavily wounded, misshapen and mutated, 30% to hit)
You shoot a bolt. The bolt misses Sonja.
Sonja hits you but does no damage. Sonja misses you. Sonja barely misses you.
Sonja closely misses you. You block Sonja's attack. Sonja misses you.
Fire: O) +0 arbalest
Press: ? - help, Q - select action, (/) - cycle Shift-Dir - straight line, f/p - Sonja
Aim: Sonja, wielding a +1 dagger of venom and quivering curare-tipped darts (heavily wounded, misshapen and mutated, 30% to hit)
You shoot a bolt. The bolt barely misses Sonja.
Sonja completely misses you. Sonja hits you but does no damage.
You are poisoned.
Sonja misses you. Sonja closely misses you. Sonja completely misses you.
Sonja hits you but does no damage.
Fire: O) +0 arbalest
Press: ? - help, Q - select action, (/) - cycle Shift-Dir - straight line, f/p - Sonja
Aim: Sonja, wielding a +1 dagger of venom and quivering curare-tipped darts (heavily wounded, misshapen and mutated, 30% to hit)
You shoot a bolt. The bolt misses Sonja.
You feel very sick. Sonja misses you. Sonja barely misses you.
Sonja hits you with a +1 dagger of venom.
Fire: O) +0 arbalest
Press: ? - help, Q - select action, (/) - cycle Shift-Dir - straight line, f/p - Sonja
Aim: Sonja, wielding a +1 dagger of venom and quivering curare-tipped darts (heavily wounded, misshapen and mutated, 30% to hit)
You shoot a bolt. The bolt completely misses Sonja.
You feel sick. Sonja barely misses you.
Sonja hits you with a +1 dagger of venom.
* * * LOW HITPOINT WARNING * * *
Sonja barely misses you. Sonja closely misses you. x2
Sonja hits you but does no damage.
Aiming: Polymorph
Press: ? - help, Shift-Dir - straight line, f/p - Sonja
Aim: Sonja, wielding a +1 dagger of venom and quivering curare-tipped darts (heavily wounded, misshapen and mutated, will become a rime drake, a basilisk, or a meliai, chance to affect: 76%)
Okay, then.
The tremorstone explodes into fragments!
The burst of rock shards engulfs Sonja!!
You kill Sonja!
The burst of rock shards engulfs you!
You die...
Your body crumbles into a pile of gold.

###################
#..................
#........#########.
#..#####.# #. #..#
#.# #. #..# #.# #.
#.$# #.# #. #.@#
#.# #. #.># #.# #.
#..# #.# #. #..#
#.# #. #..# #.# #.
#..# #.# #. #..#
#.#########. #..#
#........... #..#
#..........)


There were no monsters in sight!

Vanquished Creatures
  Erolcha (D:9)
  A centaur warrior (D:8)
  A two-headed ogre (D:9)
  Sonja (D:9)
  Amaemon (D:10)
  2 orc knights (Bailey)
  2 cyclopes
  Joseph (D:10)
  An orange demon (D:10)
  2 gargoyles (D:10)
  Maggie (D:8)
  A kobold demonologist (D:10)
  Psyche (D:9)
  2 trolls
  A vampire (D:6)
  2 wyverns (D:9)
  4 yaks
  A wraith (D:10)
  2 steam dragons
  A water moccasin (D:5)
  9 orc warriors
  An ice beast (D:8)
  A sky beast (D:8)
  3 ogres (D:5)
  3 centaurs
  3 kobold brigands
  A gnoll sergeant (D:6)
  5 bullfrogs
  A scorpion (D:5)
  7 wights
  30 killer bees
  2 howler monkeys (D:8)
  A hound (D:6)
  Crazy Yiuf (D:3)
  A gnoll bouda (D:7)
  2 jellies (D:4)
  6 orc priests
  2 iguanas
  7 orc wizards
  Robin (D:3)
  20 gnolls
  9 adders
  2 shadow imps
  An ufetubus (D:5)
  A worm (D:2)
  2 dart slugs
  36 orcs
  4 ball pythons
  2 bats
  3 endoplasms
  18 goblins
  5 hobgoblins
  11 jackals
  A frilled lizard (D:1)
  9 kobolds
  3 rats (D:1)
243 creatures vanquished.

Vanquished Creatures (collateral kills)
  2 killer bees (D:9)
  An orc (D:8)
3 creatures vanquished.

Vanquished Creatures (others)
  A queen bee (D:9)
  A killer bee (D:8)
2 creatures vanquished.

Grand Total: 248 creatures vanquished

Notes
Turn   | Place    | Note
-------+----------+-------------------------------------------
     0 | D:1      | monsoonserge the Spriggan Hunter began the quest for the
                  | Orb.
     0 | D:1      | Reached XP level 1. HP: 10/10 MP: 2/2
   191 | D:1      | Reached XP level 2. HP: 14/14 MP: 3/3
   367 | D:1      | Found a faded altar of an unknown god.
   891 | D:2      | Reached XP level 3. HP: 18/18 MP: 4/4
  1071 | D:2      | Reached skill level 5 in Ranged Weapons
  1230 | D:2      | Reached XP level 4. HP: 23/23 MP: 5/5
  1326 | D:2      | You fall into a shaft and drop 1 floor!
  1672 | D:3      | Reached XP level 5. HP: 20/26 MP: 6/6
  1812 | D:3      | Noticed Robin
  1834 | D:3      | Killed Robin
  1835 | D:3      | Reached skill level 6 in Ranged Weapons
  1926 | D:3      | Found an opulent altar of Gozag.
  1943 | D:3      | Became a worshipper of Gozag Ym Sagoz the Greedy
  2041 | D:3      | Found a runed translucent door.
  2042 | D:3      | Noticed Crazy Yiuf
  2093 | D:3      | Killed Crazy Yiuf
  2606 | D:4      | Reached skill level 1 in Evocations
  2705 | D:4      | Reached XP level 6. HP: 31/31 MP: 7/7
  2862 | D:4      | Reached skill level 7 in Ranged Weapons
  2888 | D:4      | Identified the +1 pair of boots of Yfywich {-Cast Will+
                  | Str+2}
  3278 | D:5      | Entered Level 5 of the Dungeon
  3352 | D:5      | Found a broken altar of Ashenzari.
  3651 | D:5      | Reached XP level 7. HP: 35/35 MP: 8/8
  3958 | D:5      | Found a glowing silver altar of Zin.
  4077 | D:5      | Reached skill level 8 in Ranged Weapons
  4193 | D:6      | Found Byocarr's Antique Weapon Shoppe.
  4354 | D:6      | Found Vucho's Jewellery Emporium.
  4376 | D:6      | Found a basalt altar of Yredelemnul.
  4405 | D:6      | Found Vemiul's Book Shop.
  4500 | D:6      | Noticed a steam dragon
  4740 | D:6      | Noticed a vampire
  4960 | D:6      | Killed a steam dragon
  4961 | D:6      | Reached skill level 9 in Ranged Weapons
  4961 | D:6      | Reached XP level 8. HP: 27/40 MP: 9/9
  5094 | D:6      | Found Firuv's Jewellery Shop.
  5161 | D:6      | Found Red Bus's Magic Scroll Boutique.
  5172 | D:6      | Bought a scroll of teleportation for 42 gold pieces
  5172 | D:6      | Bought a scroll of noise for 14 gold pieces
  5521 | D:6      | Reached skill level 10 in Ranged Weapons
  5579 | D:6      | Found a bloodstained altar of Trog.
  5595 | D:6      | Found a shimmering blue altar of Sif Muna.
  5606 | D:6      | Got Sif Muna's Parchment of Summoning
  5703 | D:6      | Noticed a cyclops
  5711 | D:6      | Killed a cyclops
  5712 | D:6      | Reached skill level 11 in Ranged Weapons
  5787 | D:7      | Found a staircase to the Ecumenical Temple.
  5796 | D:7      | Reached XP level 9. HP: 29/45 MP: 10/10
  5976 | Temple   | Entered the Ecumenical Temple
  6369 | D:7      | Identified the +1 pair of gloves of Mezcal {rPois}
  6491 | D:7      | Found a radiant altar of Vehumet.
  6696 | D:7      | Found a white marble altar of Elyvilon.
  7216 | D:8      | Reached skill level 5 in Fighting
  7274 | D:8      | Found a flagged portal.
  7321 | Bailey   | Entered a bailey
  7330 | Bailey   | Reached skill level 12 in Ranged Weapons
  7487 | Bailey   | Noticed an orc knight
  7629 | Bailey   | Noticed an orc knight
  7800 | Bailey   | Killed an orc knight
  7926 | Bailey   | Killed an orc knight
  7927 | Bailey   | Reached XP level 10. HP: 41/53 MP: 11/11
  7960 | Bailey   | Found the +8 orange crystal plate armour {Archmagi, Int+3
                  | Clar}
  7964 | Bailey   | Identified the +5 helmet "Kesaizab" {-Tele Rampage rPois
                  | Will++}
  7994 | Bailey   | Reached skill level 13 in Ranged Weapons
  8087 | D:8      | Noticed a cyclops
  8103 | D:8      | Killed a cyclops
  8254 | D:6      | Bought a ring of the Octopus King {rC+ HP+2 AC+2 EV+2 SH+2}
                  | for 859 gold pieces
  8254 | D:6      | Found the ring of the Octopus King {rC+ HP+2 AC+2 EV+2
                  | SH+2}
  8650 | D:8      | Noticed Maggie
  8773 | D:8      | Noticed a centaur warrior
  8945 | D:8      | Killed Maggie
  8946 | D:8      | Reached skill level 14 in Ranged Weapons
  9523 | D:9      | Found a hide-covered altar of Uskayaw.
  9969 | D:6      | Bought the ring "Jomyr" {+Blink rF+ Will+ Str+4} for 689
                  | gold pieces
 10593 | D:9      | Noticed Psyche
 10599 | D:9      | Killed Psyche
 10661 | D:9      | Reached XP level 11. HP: 14/58 MP: 12/12
 10995 | D:9      | Found an ancient bone altar of Kikubaaqudgha.
 11052 | D:8      | Killed a centaur warrior
 11053 | D:8      | Reached skill level 1 in Armour
 11053 | D:8      | Reached skill level 5 in Evocations
 11242 | D:8      | Identified the +0 leather armour of Ademiulesk {-Cast rElec
                  | Will+ Stlth+}
 11519 | D:10     | Entered Level 10 of the Dungeon
 11526 | D:10     | Noticed Erolcha
 11531 | D:10     | Noticed a two-headed ogre
 11550 | D:9      | Killed Erolcha
 11551 | D:9      | Reached skill level 5 in Dodging
 11622 | D:9      | Killed a two-headed ogre
 11884 | D:10     | Found a staircase to the Lair.
 11928 | D:10     | Noticed a two-headed ogre
 11930 | D:10     | Got Caen's Spellbook of the Mob
 11962 | D:10     | Identified the +1 pair of boots of Lifelessness {rCorr}
 12265 | D:10     | Found an ornate altar of the Wu Jian Council.
 12374 | D:10     | Found a stormy altar of Qazlal.
 12453 | D:10     | Noticed Joseph
 12457 | D:10     | Killed Joseph
 12458 | D:10     | Reached skill level 15 in Ranged Weapons
 12499 | D:10     | Noticed Amaemon
 12557 | D:10     | Killed Amaemon
 12762 | D:10     | Identified the +0 chain mail of the Boiling Point {Fly rN+
                  | Str+2}
 12871 | D:10     | Noticed Sonja
 13142 | D:9      | Killed Sonja
 13142 | D:9      | Killed themself with a badly aimed burst of rock shards

Illustrated notes

Levels and vault maps discovered:
D:1:      roderic_octagonal_star, layout_basic,
          hellmonk_ecumenical_altar_blasted
D:2:      layout_rooms
D:3:      layout_basic, grunt_gozag_breadcrumbs, uniq_crazy_yiuf_cottage,
          uniq_robin
D:4:      layout_layer_cave
D:5:      layout_loops_ring, nicolae_ashenzari_skybound, zin_scriptorium,
          hellmonk_bongcloud_opening
D:6:      layout_cave_pools, nzn_overflow_gifts_of_might_and_magic,
          kennysheep_little_box, serial_shops, shop, nicolae_shop_gaudy_bauble,
          shop, nicolae_shop_hallway_stairs,
          nicolae_shop_temple_entry_statues_fountains, minmay_small_thing
D:7:      layout_rooms, mainiacjoe_overflow_paths, mainiacjoe_overflow_alcove_4,
          minmay_temple_entry_hall, minmay_strange_pillars, nrook_mini_backslash
D:8:      minmay_ornate_pinched, layout_basic, enter_bailey_3, st_stairs_1,
          uniq_maggie
D:9:      layout_long_grid, general_overflow_altar,
          mainiacjoe_overflow_small_starburst, minmay_variable_closet,
          nicolae_looking_at_the_future, uniq_psyche
D:10:     minmay_imperfect_grid, layout_loops_ring, lemuel_tele_altar,
          grunt_qazlal_clouds, dpeg_oklobed_lair, uniq_amaemon, uniq_joseph,
          uniq_sonja, uniq_erolcha, uniq_maurice
Temple:   nicolae_temple_bog_church

Skill      XL: |  1  2  3  4  5  6  7  8  9 10 11 |
---------------+----------------------------------+-----
Fighting       | 2 3 4 5 6 7 |  7.2
Ranged Weapons | 5 6 7 9 11 12 14 15 | 15.3
Dodging        | 3 4 5 |  5.9
Evocations     | 1 2 3 4 7 |  7.0
Stealth        | 2 |  2.9
Armour         | 2 |  2.4
Shields        | |  0.8

Action                     |  1- 3 |  4- 6 |  7- 9 | 10-12 || total
---------------------------+-------+-------+-------+-------++-------
  Melee: Unarmed           |       |     7 |       |       ||     7
   Fire: Shortbow          |    92 |   138 |   477 |   163 ||   870
         Arbalest          |       |       |       |   281 ||   281
  Evoke: Piece from Xom's  |       |       |     3 |     3 ||     6
         Wand              |       |       |     1 |     3 ||     4
         Tin of tremorston |       |       |       |     1 ||     1
    Use: Scroll            |       |       |     8 |     8 ||    16
         Potion            |       |       |     1 |     1 ||     2
 Armour: Robe              |     6 |     1 |     6 |     2 ||    15
         Skin              |       |     3 |       |       ||     3
         Swamp dragon scal |       |       |       |    63 ||    63
  Dodge: Dodged            |    25 |    24 |   133 |   365 ||   547
  Block: Other             |       |       |       |    21 ||    21
